 Dungeon Crawl Stone Soup version 0.19-a0-1127-gac58878 (webtiles) character file.

425 torvon the Destroyer (level 6, 0/54 HPs)
             Began as a Tengu Conjurer on Aug 12, 2016.
             Was an Initiate of Qazlal.
             Succumbed to a worker ant's poison
             ... on level 4 of the Dungeon.
             The game lasted 00:17:42 (4484 turns).

torvon the Destroyer (Tengu Conjurer)               Turns: 4484, Time: 00:17:43

Health: 0/54       AC: 23    Str:  8    XL:     6   Next: 96%
Magic:  4/11       EV:  2    Int: 18    God:    Qazlal [......]
Gold:   179        SH:  0    Dex: 14    Spells: 2 memorised, 7 levels left

rFire  . . .     SeeInvis .     f - +1 flail (holy)
rCold  . . .     Gourm    .     (armour currently unavailable)
rNeg   + + +     Faith    .     (no shield)
rPois  +         Spirit   .     (helmet currently unavailable)
rElec  .         Dismiss  .     (cloak currently unavailable)
rCorr  .         Reflect  .     (gloves currently unavailable)
SustAt .         Harm     .     (boots unavailable)
MR     .....     NoTele   +     (no amulet)
Stlth  ++........               (no ring)
                                (no ring)

@: lethally poisoned (0 -> -11), tree-form (expiring)
A: (beak), (talons 0), able to fly 1
a: Fly, Renounce Religion


You were on level 4 of the Dungeon.
You worshipped Qazlal.
Qazlal was noncommittal.
You were not hungry.
You were a tree.
You visited 1 branch of the dungeon, and saw 4 of its levels.

You collected 179 gold pieces.

Inventory:

Hand Weapons
 d - a +0 dagger
 f - a +1 flail of holy wrath (weapon)
 q - a cursed -3 dagger
 v - a +1 short sword of draining
Missiles
 p - 16 poisoned needles
Armour
 a - a +0 robe (melded)
 k - a +2 hat
 B - a +2 helmet
Jewellery
 r - an uncursed ring of magical power {unknown}
 s - a +6 ring of dexterity {unknown}
 y - an uncursed ring of see invisible {unknown}
Scrolls
 e - a scroll of fear {unknown}
 i - a scroll of fog {unknown}
 l - 2 scrolls of identify {unknown}
 m - 2 scrolls of teleportation {unknown}
 n - a scroll of recharging {unknown}
 o - a scroll of enchant armour {unknown}
 t - 2 scrolls of amnesia {unknown}
 u - a scroll of immolation {unknown}
 x - a scroll of blinking {unknown}
Potions
 h - a potion of brilliance {unknown}
 A - a potion of lignification
Books
 b - a book of Conjurations

   Spells                             Type                      Level
   a - Magic Dart                     Conjuration                  1
   b - Searing Ray                    Conjuration                  2
   c - Dazzling Spray                 Conjuration/Hexes            3
   d - Fulminant Prism                Conjuration/Hexes            4
   e - Iskenderun's Mystic Blast      Conjuration                  4
   f - Iskenderun's Battlesphere      Conjuration/Charms           5
Comestibles
 c - 3 bread rations
 g - 19 fruits
 w - a meat ration


   Skills:
 - Level 2.8 Fighting
 + Level 3.7 Dodging
 - Level 2.0 Stealth
 + Level 3.3 Spellcasting
 + Level 8.1 Conjurations


You had 7 spell levels left.
You knew the following spells:

 Your Spells              Type           Power        Failure   Level  Hunger
a - Magic Dart            Conj           ####         1%          1    None
b - Dazzling Spray        Conj/Hex       ###...       12%         3    ###....


Dungeon Overview and Level Annotations

Branches:
Dungeon (4/15)
 Temple: D:4-7

Altars:
Makhleb
Qazlal
Trog


Innate Abilities, Weirdness & Mutations

((You have a beak for a mouth.))
((You have claws for feet.))
You can fly.


Message History

You barely miss the worker ant.
The worker ant is severely wounded.
* * * LOW HITPOINT WARNING * * *
You feel sick. The worker ant bites you.
* * * LOW HITPOINT WARNING * * *
You are more poisoned.
The worker ant poisons you!
It was a potion of lignification.
You turn into a tree.
Your +0 robe melds into your body.
Your roots penetrate the ground.
* * * LOW HITPOINT WARNING * * *
You feel sick.
The worker ant bites you but does no damage. x2
It was a potion of flight.
Your roots keep you in place.
* * * LOW HITPOINT WARNING * * *
You feel sick. The worker ant bites you.
* * * LOW HITPOINT WARNING * * *
It was a potion of cancellation.
Your magical effects are unravelling.
You feel magically purged.
You die...

#. . . .. #.###.
.#.#
####....##...#
.........##.### .
###.[.........
..#.........#.#
..............#
#.......###.#
#.#.....#♣#.# #.#
#.#...##a##.# #..
#.#...#.#...# #.#
#...##.##...# #..
......#.#.....#
#.#
..####.##....##
#.# . ..#.....##
#.#
$..#.....######.#
#!.
#............#


You could see a worker ant.

Vanquished Creatures
  Sigmund (D:2)
  A giant frog skeleton (D:4)
  Jessica (D:2)
  5 gnolls
  8 adders
  3 worms
  3 dart slugs
  A giant gecko (D:2)
  An orc (D:3)
  11 giant cockroaches
  16 hobgoblins
  9 kobolds
  3 ball pythons
  5 bats
  8 giant newts
  12 goblins
  7 rats
95 creatures vanquished.

Notes
Turn   | Place    | Note
-------+----------+-------------------------------------------
     0 | D:1      | torvon the Tengu Conjurer began the quest for the Orb.
     0 | D:1      | Reached XP level 1. HP: 10/10 MP: 4/4
   456 | D:1      | Reached XP level 2. HP: 5/16 MP: 0/6
   789 | D:1      | Reached XP level 3. HP: 19/20 MP: 7/7
   868 | D:1      | Reached skill level 6 in Conjurations
  1079 | D:1      | Reached skill level 1 in Fighting
  1523 | D:2      | Noticed Jessica
  1861 | D:2      | Learned a level 3 spell: Dazzling Spray
  1874 | D:2      | Reached XP level 4. HP: 25/25 MP: 1/8
  2610 | D:2      | Gained mutation: You can fly. [Tengu growth]
  2610 | D:2      | Reached XP level 5. HP: 30/30 MP: 7/9
  2711 | D:2      | Noticed Sigmund
  2952 | D:2      | Killed Sigmund
  2952 | D:2      | Reached skill level 7 in Conjurations
  2952 | D:2      | Reached XP level 6. HP: 7/36 MP: 7/11
  3326 | D:2      | Found a burning altar of Makhleb.
  3626 | D:2      | Killed Jessica
  3626 | D:2      | Reached skill level 8 in Conjurations
  4004 | D:3      | Found a bloodstained altar of Trog.
  4244 | D:3      | Found a stormy altar of Qazlal.
  4252 | D:3      | Became a worshipper of Qazlal Stormbringer
  4483 | D:4      | HP: 1/54 [worker ant (4)]
  4484 | D:4      | Succumbed to a worker ant's poison

Vault maps used:
D:1:      tarquinn_simple_flora_water_e
D:2:      minmay_roachtagon, old_standard_altar, dk_vineyard_3, uniq_sigmund,
          uniq_jessica
D:3:      bloody_trog, grunt_qazlal_clouds
D:4:      kennysheep_okawaru_gauntlet, ashenzari_conservatory_becter,
          serial_undead, serial_undead_f, serial_undead_b, serial_undead_d,
          serial_undead_e, minmay_misc_feat_rugged, minmay_vboxes

Skill      XL: |  1  2  3  4  5  6 |
---------------+-------------------+-----
Conjurations   | 6 7 8 |  8.1
Fighting       | 1 2 |  2.8
Dodging        | 3 |  3.7
Spellcasting   | 3 |  3.3
Stealth        | |  2.0

Action                   |  1- 3 |  4- 6 || total
-------------------------+-------+-------++-------
Melee: Unarmed           |     3 |       ||     3
       Peck              |     3 |     6 ||     9
       Flail             |    32 |    46 ||    78
       Kick              |     2 |     6 ||     8
 Cast: Magic Dart        |    41 |   127 ||   168
       Dazzling Spray    |     1 |     2 ||     3
  Use: Potion            |       |     3 ||     3
 Stab: Sleeping          |     1 |       ||     1
  Eat: Chunk             |     4 |     2 ||     6
       Beef jerky        |       |     1 ||     1
       Meat ration       |       |     1 ||     1
Armor: Robe              |    10 |     9 ||    19
       Skin              |       |     2 ||     2
Dodge: Dodged            |    34 |    56 ||    90
